AoeStats
← Chaac1706

Arena

504735779Analyzed
1v1 RM · 27d ago on Sep 6, 2026· 26m 13s· 2 players
Game mode
Random Map
Map size
Tiny (2 player)
Population
200
Speed
Normal
Resources
Standard
Victory
Conquest
Starting age
Dark Age
Ending age
Imperial Age
RankedLock teamsTeams togetherTeam positionsShared explorationLock speedFull tech treeHidden civsTurbo modeCheats
Victory
Defeat
🇨🇴 Muisca · Colombia
1167
+18
🇦🇺 Muisca · Australia
1219
-18
ElemenTerra
5:13 Loom
10:42 Feudal Age
14:42 Castle Age
12:58 Fletching
15:39 Bodkin Arrow
16:05 Double-Bit Axe
17:27 Elite Skirmisher
18:09 Padded Archer Armor
20:30 Wheelbarrow
22:20 Champi Runner
25:37 Champi Warrior
Chaac1706
9:29 Feudal Age
13:43 Castle Age
11:59 Double-Bit Axe
13:03 Horse Collar
14:50 Scale Mail Armor
16:31 Bow Saw
17:48 Loom
19:32 Fervor
19:35 Fletching
21:46 Bodkin Arrow
25:21 Devotion
25:56 Padded Archer Armor
Connection lost

Rejoining the realm…

Still unreachable

The connection could not be restored.

Session expired

The server has moved on; the page needs a fresh start.